 Dungeon Crawl Stone Soup version 0.19.0-17-g07987d3 (webtiles) character file.

24094 Exaltedone87 the Carver (level 12, -11/83 HPs)
             Began as a Demonspawn Fighter on Nov 11, 2016.
             Was a High Priest of Okawaru.
             Mangled by an orc warrior
             ... wielding a +0 halberd
              (17 damage)
             ... on level 12 of the Dungeon.
             The game lasted 00:50:26 (12834 turns).

Exaltedone87 the Carver (Demonspawn Fighter)       Turns: 12834, Time: 00:50:27

Health: -11/83     AC: 12    Str: 33    XL:     12   Next: 77%
Magic:  10/10      EV: 13    Int: 14    God:    Okawaru [*****.]
Gold:   249        SH: 12    Dex: 13    Spells: 0 memorised, 11 levels left

rFire  + + .     SeeInvis .     C - +0 scimitar "Xide" {speed, *Drain rC+ rN+ Str+2}
rCold  + . .     Gourm    .     B - +0 ring mail "Xung" {Str+4 Int+5}
rNeg   + + .     Faith    .     c - +0 shield
rPois  .         Spirit   .     R - +0 helmet
rElec  .         Reflect  .     w - +0 cloak of Defence {rN+ Str+3 Stlth+}
rCorr  .         Harm     .     d - +0 pair of gloves
MR     .....                    (boots unavailable)
Stlth  +++.......               (no amulet)
                                K - ring of protection from fire
                                v - ring of stealth

@: no status effects
A: hooves 3, thin metallic scales 1, blurry vision 1, demonic guardian 1, fire
resistance 1, frail 1, foul stench 1, low mp 1, sense surroundings 1, screaming
1, strong 1, evolution 1, rot immunity
a: Heroism, Finesse, Renounce Religion


You were on level 12 of the Dungeon.
You worshipped Okawaru.
Okawaru was extremely pleased with you.
You were full.

You visited 2 branches of the dungeon, and saw 14 of its levels.

You collected 689 gold pieces.
You spent 440 gold pieces at shops.

Inventory:

Hand Weapons
 C - the +0 scimitar "Xide" (weapon) {speed, *Drain rC+ rN+ Str+2}
   (You found it on level 4 of the Dungeon)

   Attacks with this weapon are significantly faster.
   It affects your strength (+2).
   It protects you from cold.
   It protects you from negative energy.
   It causes draining when unequipped.
 Q - a +5 double sword
Missiles
 L - a throwing net (quivered)
Armour
 c - a +0 shield (worn)
 d - a +0 pair of gloves (worn)
 w - the +0 cloak of Defence (worn) {rN+ Str+3 Stlth+}
   (You found it on level 6 of the Dungeon)

   It affects your strength (+3).
   It protects you from negative energy.
   It makes you more stealthy.
 B - the +0 ring mail "Xung" (worn) {Str+4 Int+5}
   (You found it on level 4 of the Dungeon)

   It affects your strength (+4).
   It affects your intelligence (+5).
 R - a +0 helmet (worn)
Jewellery
 i - an uncursed amulet of harm
 n - a -2 ring of dexterity
 v - a ring of stealth (left hand)
 K - a ring of protection from fire (right hand)
Wands
 k - a wand of iceblast (5/15)
 x - a wand of disintegration (9/24)
 y - a wand of flame (18/48)
 A - a wand of teleportation (6/9)
 I - a wand of acid (8/15)
 J - a wand of iceblast (11/15)
Scrolls
 e - 3 scrolls of magic mapping
 o - 2 scrolls of fear
 p - 2 scrolls of teleportation
 r - a scroll of fog
 u - 4 scrolls of remove curse
 H - 2 scrolls of blinking
 P - a scroll of recharging
Potions
 b - 3 potions of heal wounds
 g - 5 potions of brilliance
 j - a potion of mutation
 l - a potion of haste
 m - a potion of magic
 s - a potion of curing
 D - a potion of agility
 G - a potion of berserk rage
Books
 a - a book of Minor Magic

   Spells                             Type                      Level
   a - Magic Dart                     Conjuration                  1
   b - Blink                          Translocation                2
   c - Call Imp                       Summoning                    2
   d - Repel Missiles                 Charms/Air                   2
   e - Slow                           Hexes                        2
   f - Conjure Flame                  Conjuration/Fire             3
   g - Mephitic Cloud                 Conjuration/Poison/Air       3
 q - a book of Transfigurations

   Spells                             Type                      Level
   a - Irradiate                      Conjuration/Transmutation    5
   b - Statue Form                    Transmutation/Earth          6
   c - Hydra Form                     Transmutation                6
   d - Dragon Form                    Transmutation                7
 F - a book of Conjurations

   Spells                             Type                      Level
   a - Magic Dart                     Conjuration                  1
   b - Searing Ray                    Conjuration                  2
   c - Dazzling Spray                 Conjuration/Hexes            3
   d - Fulminant Prism                Conjuration/Hexes            4
   e - Iskenderun's Mystic Blast      Conjuration                  4
   f - Iskenderun's Battlesphere      Conjuration/Charms           5
Comestibles
 f - 4 bread rations
 h - 4 meat rations
 t - 8 beef jerkies
 O - 2 slices of pizza


   Skills:
 + Level 8.2 Fighting
 * Level 11.7 Long Blades
   Level 5.0 Axes
 + Level 7.7 Armour
 + Level 6.8 Dodging
 - Level 1.1 Stealth
 + Level 7.9 Shields


You had 11 spell levels left.
You didn't know any spells.

Dungeon Overview and Level Annotations

Branches:
Dungeon (13/15)            Temple (1/1) D:7            Lair (0/6) D:10
    Orc: D:9-12      Vaults: D:13-14

Altars:
Ashenzari
Cheibriados
Dithmenos
Elyvilon
Fedhas
Gozag
Hepliaklqana
Kikubaaqudgha
Makhleb
Nemelex Xobeh
Okawaru
Qazlal
Ru
Sif Muna
Trog
Uskayaw
Vehumet
Xom
Yredelemnul
Zin
The Shining One

Shops:
D:8 [   D:11 **!}

Annotations:
D:13 Snorg


Innate Abilities, Weirdness & Mutations

You have hooves in place of feet.
You are partially covered in thin metallic scales. (AC +2)
A weak demonic guardian rushes to your aid.
You may emit foul miasma when damaged in melee.
You are immune to rotting.
Scrolls take you a little longer to read.
Your flesh is heat resistant. (rF+)
You are frail. (-10% HP)
Your magical capacity is low. (-10% MP)
You passively map a small area around you.
You occasionally shout uncontrollably at your foes.
Your muscles are strong. (Str +2)
You evolve.


Message History

Your quasit disappears in a puff of smoke!
You swap places.
The large slime creature hits your quasit!!!
Your quasit dies!
The orc shouts!
You block the large slime creature's attack.
The orc warrior hits you from afar with a halberd.
You slash the large slime creature! You kick the large slime creature.
The large slime creature is lightly wounded.
The large slime creature hits you!!
The large slime creature looks sick.
You block the orc warrior's attack.
You slash the large slime creature! You kick the large slime creature.
The large slime creature is moderately wounded.
The large slime creature hits you!!
* * * LOW HITPOINT WARNING * * *
You hit the large slime creature but do no damage.
You kick the large slime creature.
The large slime creature is moderately wounded.
The orc warrior hits you from afar with a halberd!
You die...

,
.o#............,...........
,.o8.oJ...o5#+* ###.......#
, oo'.Jo...oo# ,, #.......#
, oo8o######o# ,, #.......#
,o, ,#o# ##........ * ,,
#o# , #......... , ,#o#
,#......... #J#
,,#......... , , ,,
#@#######.........
#................. +
*####................# * ,
, .....................# ,*
........^...#######..# * *
.............# ..#
.............# *..#
,,.............# , #
..#########..####### ,


You could see a large slime creature, an orc warrior, a shadow imp and 6 orcs.

Vanquished Creatures
  2 hill giants (D:12)
  Pikel (D:9)
  A deep elf mage (D:12)
  The ghost of dialectric the Unseen, a novice SpAK of Lugonu (D:9)
  An ugly thing (D:11)
  3 kobold demonologists
  A hornet (D:11)
  A troll (D:9)
  A slime creature (D:12)
  3 hippogriffs
  Sigmund (D:4)
  11 yaks
  A hungry ghost (D:11)
  A wyvern (D:11)
  Edmund (D:5)
  Duvessa (D:7)
  4 ice beasts
  The ghost of SwordHunterGil the Skirmisher, an amateur MiBe of Trog (D:3)
  3 sky beasts
  6 ogres
  2 phantoms
  5 centaurs
  An eye of draining (D:11)
  9 orc warriors
  12 big kobolds
  6 bullfrogs
  Dowan (D:7)
  A water moccasin zombie (D:7)
  A scorpion (D:9)
  2 water moccasin skeletons
  6 killer bees (D:8)
  3 howler monkeys (D:11)
  3 electric eels (D:11)
  A crimson imp (D:5)
  2 centaur zombies (D:6)
  3 bullfrog zombies
  2 centaur skeletons
  6 hounds
  8 orc priests
  A jelly (D:5)
  7 orc wizards
  3 iguanas
  Ijyb (D:2)
  9 worker ants
  A hound zombie (D:5)
  2 hound skeletons
  2 worker ant zombies
  2 gnolls (D:11)
  6 adders
  5 river rats (D:10)
  2 shadow imps
  An ooze (D:5)
  An adder zombie (D:6)
  A worm (D:3)
  2 dart slugs
  6 leopard geckos
  45 orcs
  6 ball pythons
  17 bats
  4 giant cockroaches
  3 goblins
  8 hobgoblins
  9 jackals
  30 kobolds
  5 quokkas
  7 frilled lizards
  2 jackal zombies (D:6)
  A leopard gecko zombie (D:8)
  A quokka zombie (D:6)
  14 rats
  A fungus (D:10)
324 creatures vanquished.

Vanquished Creatures (collateral kills)
  A hill giant (D:11)
  The ghost of thirtiethelement the Sneak, a novice OpWn of Qazlal (D:5)
  A centaur skeleton (D:10)
  Grinder (D:4)
  2 hippogriffs
  A hungry ghost (D:9)
  A big kobold (D:9)
  2 bullfrogs
  A bullfrog skeleton (D:13)
  A gnoll (D:11)
  5 orcs
  A giant cockroach (D:8)
  2 jackals
  A quokka (D:9)
21 creatures vanquished.

Vanquished Creatures (others)
  A slave (D:9)
  An ice beast (D:9)
  2 big kobolds (D:9)
  An adder (D:9)
  An orc (D:9)
  A kobold (D:9)
  2 fungi (D:10)
  A plant (D:10)
10 creatures vanquished.

Grand Total: 355 creatures vanquished

Notes
Turn   | Place    | Note
-------+----------+-------------------------------------------
     0 | D:1      | Exaltedone87 the Demonspawn Fighter began the quest for the Orb.
     0 | D:1      | Reached XP level 1. HP: 18/18 MP: 1/1
    55 | D:1      | Gained mutation: You are immune to rotting. [demonic ancestry]
    55 | D:1      | Reached XP level 2. HP: 21/24 MP: 2/2
   461 | D:1      | Gained mutation: You have large cloven feet. [demonic ancestry]
   461 | D:1      | Reached XP level 3. HP: 11/29 MP: 3/3
  1116 | D:2      | Found a shadowy altar of Dithmenos.
  1218 | D:2      | Noticed Ijyb
  1234 | D:2      | Killed Ijyb
  1234 | D:2      | Gained mutation: A weak demonic guardian rushes to your aid. [demonic ancestry]
  1234 | D:2      | Reached XP level 4. HP: 31/35 MP: 4/4
  1596 | D:2      | Gained mutation: You possess an exceptional clarity of mind. [potion of mutation]
  1596 | D:2      | Gained mutation: You are frail. (-10% HP) [potion of mutation]
  1596 | D:2      | Gained mutation: Your magical capacity is low. (-10% MP) [potion of mutation]
  1597 | D:2      | Gained mutation: You passively map a small area around you. [potion of mutation]
  1597 | D:2      | Gained mutation: Scrolls take you a little longer to read. [potion of mutation]
  1598 | D:2      | Gained mutation: Your flesh is heat resistant. (rF+) [potion of mutation]
  1598 | D:2      | Gained mutation: You have hoof-like feet. [potion of mutation]
  1598 | D:2      | Gained mutation: You evolve. [potion of mutation]
  1656 | D:3      | Noticed SwordHunterGil's ghost (amateur MiBe)
  1664 | D:3      | Killed SwordHunterGil's ghost
  1664 | D:3      | Reached XP level 5. HP: 37/37 MP: 4/4
  2297 | D:4      | Reached skill level 1 in Dodging
  2425 | D:4      | Noticed Grinder
  2425 | D:4      | Paralysed by Grinder for 7 turns
  2449 | D:4      | Paralysed by Grinder for 7 turns
  2464 | D:4      | Killed Grinder
  2464 | D:4      | Reached XP level 6. HP: 20/43 MP: 5/5
  2758 | D:4      | Reached skill level 1 in Stealth
  2899 | D:4      | Gained mutation: You occasionally shout uncontrollably at your foes. [evolution]
  2930 | D:4      | Noticed Sigmund
  2944 | D:4      | Killed Sigmund
  2944 | D:4      | Gained mutation: You may emit foul miasma when damaged in melee. [demonic ancestry]
  2944 | D:4      | Reached XP level 7. HP: 43/48 MP: 6/6
  3027 | D:4      | Got a scorched ring mail
  3055 | D:4      | Identified the cursed +0 ring mail "Xung" {Str+4 Int+5} (You found it on level 4 of the Dungeon)
  3082 | D:4      | Got a bloodstained scimitar
  3083 | D:4      | Identified the cursed +0 scimitar "Xide" {speed, *Drain rC+ rN+ Str+2} (You found it on level 4 of the Dungeon)
  3220 | D:4      | Reached skill level 5 in Axes
  3306 | D:5      | Entered Level 5 of the Dungeon
  3412 | D:5      | Found a white marble altar of Elyvilon.
  3437 | D:5      | Reached skill level 1 in Long Blades
  3662 | D:5      | Noticed thirtiethelement's ghost (novice OpWn)
  3663 | D:5      | Noticed Edmund
  3671 | D:5      | Killed Edmund
  3685 | D:5      | Killed thirtiethelement's ghost
  3685 | D:5      | Reached skill level 2 in Long Blades
  3685 | D:5      | Gained mutation: You are partially covered in thin metallic scales. (AC +2) [demonic ancestry]
  3685 | D:5      | Reached XP level 8. HP: 27/54 MP: 7/7
  3788 | D:5      | Found a faded altar of an unknown god.
  3788 | D:5      | Found a basalt altar of Yredelemnul.
  3793 | D:5      | Found a faded altar of an unknown god.
  3795 | D:5      | Found a faded altar of an unknown god.
  3797 | D:5      | Found a faded altar of an unknown god.
  3997 | D:5      | Found a shimmering altar of Xom.
  3999 | D:5      | Found a burning altar of Makhleb.
  3999 | D:5      | Found a sacrificial altar of Ru.
  4001 | D:5      | Found a sparkling altar of Nemelex Xobeh.
  4001 | D:5      | Found an iron altar of Okawaru.
  4001 | D:5      | Found a burning altar of Makhleb.
  4100 | D:5      | Reached skill level 5 in Shields
  4310 | D:6      | Reached skill level 3 in Long Blades
  4355 | D:6      | Got a spiked cloak
  4368 | D:6      | Identified the +0 cloak of Defence {rN+ Str+3 Stlth+} (You found it on level 6 of the Dungeon)
  4374 | D:6      | Found a deep blue altar of Sif Muna.
  4374 | D:6      | Found a sacrificial altar of Ru.
  4374 | D:6      | Found a glowing silver altar of Zin.
  4431 | D:6      | Reached skill level 5 in Fighting
  4525 | D:6      | Reached skill level 5 in Armour
  4794 | D:6      | You fall through a shaft!
  4990 | D:7      | Reached skill level 4 in Long Blades
  5080 | D:7      | Reached XP level 9. HP: 55/61 MP: 8/8
  5366 | D:7      | Found a staircase to the Ecumenical Temple.
  5372 | Temple   | Entered the Ecumenical Temple
  5381 | Temple   | Became a worshipper of Warmaster Okawaru
  5591 | D:7      | Noticed Duvessa
  5592 | D:7      | Noticed Dowan
  5600 | D:7      | Killed Duvessa
  5622 | D:7      | Killed Dowan
  5754 | D:7      | Found a blossoming altar of Fedhas.
  5955 | D:8      | Found an opulent altar of Gozag.
  6024 | D:8      | Found a snail-covered altar of Cheibriados.
  6305 | D:8      | Reached * piety under Okawaru
  6486 | D:8      | Reached skill level 5 in Long Blades
  6890 | D:8      | Found Riudix's Antique Armour Emporium.
  6958 | D:8      | Lost mutation: You possess an exceptional clarity of mind. [evolution]
  7425 | D:8      | Reached ** piety under Okawaru
  7573 | D:9      | Paralysed by fainting for 5 turns
  7590 | D:9      | Paralysed by fainting for 6 turns
  7618 | D:9      | Noticed dialectric's ghost (novice SpAK)
  7696 | D:9      | Killed dialectric's ghost
  7696 | D:9      | Reached skill level 6 in Long Blades
  7696 | D:9      | Reached XP level 10. HP: 47/69 MP: 9/9
  8439 | D:9      | Reached *** piety under Okawaru
  8439 | D:9      | Reached skill level 5 in Dodging
  8749 | D:9      | Noticed a sun demon
  8863 | D:9      | Reached skill level 7 in Long Blades
  9254 | D:9      | Noticed Pikel
  9272 | D:9      | Killed Pikel
  9272 | D:9      | Reached **** piety under Okawaru
  9457 | D:10     | Entered Level 10 of the Dungeon
  9626 | D:10     | Found a staircase to the Lair.
  9924 | D:10     | You fall through a shaft for 3 floors!
  9930 | D:13     | Noticed a centaur warrior
  9930 | D:13     | Gained mutation: You have hooves in place of feet. [demonic ancestry]
  9930 | D:13     | Reached XP level 11. HP: 67/75 MP: 9/9
  9931 | D:13     | Noticed a five-headed hydra
  9943 | D:13     | Noticed Snorg
  9950 | D:13     | Noticed a hill giant
  9983 | D:13     | Noticed a deep elf mage
  9995 | D:13     | Noticed a sun demon
 10014 | D:13     | Noticed a six-headed hydra
 10131 | D:12     | Noticed a deep elf mage
 10139 | D:12     | Killed a deep elf mage
 10139 | D:12     | Reached ***** piety under Okawaru
 10472 | D:11     | Found Ticit's Assorted Antiques.
 10845 | D:11     | Bought a square ruby amulet for 160 gold pieces
 10845 | D:11     | Bought a scroll of identify for 64 gold pieces
 10859 | D:11     | Reached skill level 8 in Long Blades
 11184 | D:11     | Noticed a brown ugly thing
 11200 | D:11     | Killed a brown ugly thing
 11200 | D:11     | Received a gift from Okawaru
 11362 | D:11     | Found Ydexadd's Assorted Antiques.
 11365 | D:11     | Bought a pitted ring mail for 216 gold pieces
 11375 | D:11     | Identified the +3 ring mail "Ylebufu" {+Fly Regen+ rCorr Slay-4} (You bought it in a shop on level 11 of the Dungeon)
 11541 | D:11     | Gained mutation: Your muscles are strong. (Str +2) [evolution]
 11554 | D:11     | Noticed a sixfirhy
 11560 | D:11     | Noticed a sixfirhy
 12169 | D:11     | Noticed a hill giant
 12174 | D:11     | Killed a hill giant
 12207 | D:11     | Found Igobul's Gadget Emporium.
 12209 | D:11     | Found Piosar's Distillery.
 12223 | D:11     | Reached skill level 9 in Long Blades
 12243 | D:11     | Was placed under penance by Okawaru
 12391 | D:11     | Reached skill level 11 in Long Blades
 12391 | D:11     | Reached XP level 12. HP: 82/82 MP: 10/10
 12799 | D:12     | Was forgiven by Okawaru
 12834 | D:12     | Mangled by an orc warrior

Skill      XL: |  1  2  3  4  5  6  7  8  9 10 11 |
---------------+----------------------------------+-----
Axes           | 2 3 4 5 |  5.0
Armour         | 3 4 5 6 7 |  7.7
Shields        | 3 4 5 6 7 |  7.9
Dodging        | 1 2 3 4 5 6 |  6.8
Stealth        | 1 |  1.1
Fighting       | 4 5 6 7 8 |  8.2
Long Blades    | 2 4 6 7 11 | 11.7

Action                   |  1- 3 |  4- 6 |  7- 9 | 10-12 || total
-------------------------+-------+-------+-------+-------++-------
Melee: War axe           |   111 |   120 |    15 |       ||   246
       Kick              |       |    27 |   173 |   265 ||   465
       Scimitar          |       |       |   483 |   626 ||  1109
Throw: Throwing net      |       |       |       |     1 ||     1
Invok: Heroism           |       |       |     1 |       ||     1
Evoke: Wand              |       |       |     3 |    12 ||    15
  Use: Scroll            |       |     5 |    16 |     9 ||    30
       Potion            |       |     5 |     7 |     7 ||    19
 Stab: Distracted        |       |     2 |     2 |     2 ||     6
       Sleeping          |       |       |    12 |     5 ||    17
       Invisible         |       |       |       |     9 ||     9
  Eat: Bread ration      |     1 |     1 |     1 |     3 ||     6
       Fruit             |       |     1 |     1 |     3 ||     5
       Chunk             |       |       |     5 |     1 ||     6
       Meat ration       |       |       |     1 |     1 ||     2
       Royal jelly       |       |       |       |     1 ||     1
       Beef jerky        |       |       |       |     1 ||     1
Armor: Scale mail        |    17 |       |       |       ||    17
       Chain mail        |    57 |    55 |     6 |       ||   118
       Ring mail         |       |       |   123 |   138 ||   261
Dodge: Dodged            |    18 |    24 |   136 |   231 ||   409
Block: Shield            |    67 |    66 |   219 |   328 ||   680
       Rpst.: Scimitar   |       |       |    41 |    62 ||   103
